 Dungeon Crawl Stone Soup version 0.29.1-2-gbd0b4ee654 (webtiles) character file.

Game seed: 16615711167008725562

1018 mortz the Carver (level 8, 0/65 HPs)
             Began as a Merfolk Monk on Nov 21, 2022.
             Slain by an ogre
             ... wielding a +0 giant spiked club
              (34 damage)
             ... on level 5 of the Dungeon.
             The game lasted 00:22:24 (5952 turns).

mortz the Carver (Merfolk Monk)                     Turns: 5952, Time: 00:22:24

Health: 0/65       AC: 10    Str: 11    XL:     8   Next: 22%
Magic:  8/8        EV:  6    Int: 10    God:
Gold:   404        SH:  0    Dex: 18    Spells: 7/7 levels left

rFire   . . .      SeeInvis .   a - +0 long sword
rCold   . . .      Faith    .   (no shield)
rNeg    . . .      Spirit   .   d - +0 chain mail
rPois   .          Reflect  .   x - +0 helmet
rElec   .          Harm     .   (no cloak)
rCorr   .          Rampage  .   (no gloves)
Will    .....                   A - +0 pair of boots
Stlth   ..........              (no amulet)
HPRegen 0.20/turn               (no ring)
MPRegen 0.11/turn               (no ring)

@: no status effects
A: (nimble swimmer 2), mertail
a: no special abilities


You were on level 5 of the Dungeon.
You visited 1 branch of the dungeon, and saw 5 of its levels.

You collected 404 gold pieces.

Inventory:

Hand Weapons
 a - a +0 long sword (weapon)
 b - a +0 hand axe
 h - a +0 mace of venom
 i - a +0 falchion
 t - a +0 trident
 u - a +2 dagger of speed
Missiles
 e - 73 stones
 l - 5 poisoned darts (quivered)
 q - 11 boomerangs
 y - 2 throwing nets
Armour
 d - a +0 chain mail (worn)
 x - a +0 helmet (worn)
 A - a +0 pair of boots (worn)
Magical Staves
 B - a staff of fire
Scrolls
 f - 3 scrolls of teleportation {unknown}
 g - a scroll of noise {unknown}
 k - 2 scrolls of magic mapping {unknown}
 m - 2 scrolls of vulnerability {unknown}
 n - a scroll of enchant armour {unknown}
 o - a scroll of immolation {unknown}
 p - a scroll of torment {unknown}
 s - 2 scrolls of identify
 z - a scroll of poison {unknown}
Potions
 c - a potion of ambrosia
 j - 5 potions of mutation
 r - 2 potions of resistance
 v - 4 potions of cancellation
 w - a potion of curing


   Skills:
 * Level 6.7 Fighting
 * Level 9.4 Long Blades
 + Level 0.9 Armour
 + Level 4.5 Dodging
 - Level 2.1 Stealth


You had 7 spell levels left.
You didn't know any spells.
Your spell library contained the following spells:

 Spells                   Type           Power      Damage    Failure   Level
 Apportation              Tloc           0%         N/A       100%        1
 Necrotise                Necr           0%         1d4       100%        1
 Summon Small Mammal      Summ           0%         N/A       100%        1
 Call Canine Familiar     Summ           0%         N/A       100%        3
 Gell's Gravitas          Tloc           0%         N/A       100%        3
 Lesser Beckoning         Tloc           0%         N/A       100%        3
 Summon Guardian Golem    Hex/Summ       0%         N/A       100%        3
 Teleport Other           Tloc           0%         N/A       100%        3


Dungeon Overview and Level Annotations

Branches:
Dungeon (5/15) Zot: 24014
 Temple: D:4-7

Altars:
Qazlal
Ru

Shops:
D:1 :

Annotations:
D:3 2 transporters, SWOLEBRODY's ghost, amateur MiFi


Innate Abilities, Weirdness & Mutations

((You are very nimble when in or above water. (Stealth+, EV+, Speed+++)))
Your lower body shifts to a powerful aquatic tail in water.


Message History

The hound is almost dead.
The ogre shouts!
The hound barely misses you.
You slash the hound!
You kill the hound!
The ice beast attacks as you move away! The ice beast attacks as you move away!
The ice beast barely misses you. The ice beast attacks as you move away!
The ice beast attacks as you move away! The ice beast completely misses you.
You hit the ice beast.
The ice beast is lightly wounded.
The ice beast hits you. The ice beast freezes you!
You slash the ice beast!
The ice beast is moderately wounded.
You barely miss the ice beast.
The ice beast is moderately wounded.
The ice beast hits you. The ice beast freezes you!
You hit the ice beast.
The ice beast is heavily wounded.
You barely miss the ice beast.
The ice beast is heavily wounded.
You closely miss the ice beast.
The ice beast is heavily wounded.
You hit the ice beast but do no damage.
The ice beast is heavily wounded.
The ice beast barely misses you.
You slash the ice beast!
The ice beast is almost dead.
The ice beast hits you. The ice beast freezes you!
You closely miss the ice beast.
The ice beast is almost dead.
You hit the ice beast but do no damage.
The ice beast is almost dead.
You slash the ice beast!
You kill the ice beast!
You slash the ogre!
The ogre is heavily wounded.
The ogre hits you with a +0 giant spiked club!!
Ouch! That really hurt!
You die...

...........#.......#
.............#.....#
...#...............#
...................#
....##.......#.....#
............####..#####
...###.......####.....#
#.# #.........##.....#
#.# #.......#.O@.....#
#.# ##.....######....#
#.# ##...## #....# #.#
#.)### #....# #.###
#.## #....# ....# #รท#
#....# ....###.# #....#
....#...# ######
......###


You could see an ogre.

Vanquished Creatures
  Sigmund (D:3)
  Menkaure (D:5)
  An ice beast (D:5)
  A centaur (D:4)
  A phantom (D:5)
  2 scorpions (D:5)
  An orc priest (D:4)
  A hound (D:5)
  An iguana (D:5)
  Jessica (D:3)
  Natasha (thrice) (D:3)
  An orc wizard (D:4)
  6 gnolls (D:4)
  2 adders (D:2)
  A white imp (D:3)
  2 worms (D:2)
  5 dart slugs
  8 orcs
  2 bats
  5 endoplasms
  5 giant cockroaches
  6 goblins
  7 hobgoblins
  3 jackals (D:2)
  6 kobolds
  4 quokkas
  9 ball pythons
  5 frilled lizards
  2 rats
93 creatures vanquished.

Notes
Turn   | Place    | Note
-------+----------+-------------------------------------------
     0 | D:1      | mortz the Merfolk Monk began the quest for the Orb.
     0 | D:1      | Reached XP level 1. HP: 18/18 MP: 1/1
   196 | D:1      | Found Avuos's Vocational Training.
   204 | D:1      | Reached skill level 4 in Long Blades
   249 | D:1      | Reached XP level 2. HP: 24/24 MP: 2/2
  1238 | D:1      | Reached XP level 3. HP: 25/30 MP: 3/3
  1696 | D:2      | Reached skill level 5 in Long Blades
  1881 | D:2      | Found a faded altar of an unknown god.
  2227 | D:2      | Reached XP level 4. HP: 37/37 MP: 4/4
  2629 | D:3      | Noticed Jessica
  2633 | D:3      | Killed Jessica
  2753 | D:3      | Found a transporter.
  2754 | D:3      | Noticed SWOLEBRODY's ghost (amateur MiFi)
  2968 | D:3      | Found a sacrificial altar of Ru.
  3020 | D:3      | Found a transporter.
  3024 | D:3      | Identified the +7 great mace of Integrity {speed, *Noise
                  | rN+ Str-4 Int+9}
  3024 | D:3      | Noticed an ogre
  3275 | D:3      | Noticed Natasha
  3283 | D:3      | Killed Natasha
  3284 | D:3      | Reached skill level 6 in Long Blades
  3284 | D:3      | Reached XP level 5. HP: 41/43 MP: 5/5
  3553 | D:3      | Noticed Natasha
  3568 | D:3      | Killed Natasha
  3644 | D:3      | Noticed Sigmund
  3673 | D:3      | Killed Sigmund
  3674 | D:3      | Reached skill level 5 in Fighting
  3674 | D:3      | Reached skill level 7 in Long Blades
  3674 | D:3      | Reached XP level 6. HP: 39/51 MP: 6/6
  3759 | D:3      | Found a stormy altar of Qazlal.
  3931 | D:3      | Noticed Natasha
  3938 | D:3      | Killed Natasha
  4391 | D:4      | Reached XP level 7. HP: 55/56 MP: 7/7
  4663 | D:4      | Reached skill level 8 in Long Blades
  5351 | D:5      | Entered Level 5 of the Dungeon
  5351 | D:5      | Noticed Menkaure
  5559 | D:5      | Reached skill level 9 in Long Blades
  5637 | D:5      | Killed Menkaure
  5638 | D:5      | Reached XP level 8. HP: 22/65 MP: 8/8
  5952 | D:5      | Slain by an ogre

Illustrated notes

Levels and vault maps discovered:
D:1:      amcnicky_arrival_wind_blow, layout_basic, nicolae_shop_vocational
D:2:      layout_basic, ebering_ecumenical_altar_rust, hangedman_decor_riveting,
          interstate_on_off
D:3:      layout_basic, lemuel_tele_altar, mainiacjoe_overflow_catwalk,
          gammafunk_ghost_smash, nrook_mini_vaults, uniq_natasha, uniq_sigmund,
          uniq_jessica
D:4:      cheibrodos_quashed, layout_basic
D:5:      layout_rooms, nicolae_dithmenos_through_a_glass_darkly, slow_altar_1,
          uniq_menkaure

Skill      XL: |  1  2  3  4  5  6  7 |
---------------+----------------------+-----
Long Blades    | 4 5 6 7 9 |  9.4
Fighting       | 4 5 6 |  6.7
Armour         | |  0.9
Dodging        | |  4.5
Stealth        | |  2.1

Action                   |  1- 3 |  4- 6 |  7- 9 || total
-------------------------+-------+-------+-------++-------
Melee: Falchion          |    55 |       |       ||    55
       Long sword        |    59 |   123 |   106 ||   288
Throw: Dart              |       |    13 |     6 ||    19
  Use: Scroll            |       |     6 |     1 ||     7
       Potion            |       |     2 |     3 ||     5
Armor: Chain mail        |    62 |    49 |    60 ||   171
Dodge: Dodged            |    27 |    26 |    30 ||    83
